 Dungeon Crawl Stone Soup version 0.24-a0-434-gd57e52fea8 (webtiles) character file.

Game seed: 16427029413797163160

87453 Murumi the Slicer (level 16, 0/109 HPs)
             Began as a Halfling Assassin on June 17, 2019.
             Was a High Priest of Dithmenos.
             Killed from afar by Roxanne (47 damage)
             ... with a crystal spear
             ... on level 14 of the Dungeon.
             The game lasted 02:30:22 (31326 turns).

Murumi the Slicer (Halfling Assassin)              Turns: 31326, Time: 02:30:23

Health: 0/109      AC: 12    Str: 12    XL:     16   Next: 37%
Magic:  25/25      EV: 34    Int:  9    God:    Dithmenos [*****.]
Gold:   2271       SH:  0    Dex: 25    Spells: 15/15 levels left

rFire    . . .     SeeInvis +   G - +3 dagger (elec)
rCold    . . .     Gourm    +   (shield restricted)
rNeg     + . .     Faith    .   Q - +2 robe {rN+}
rPois    .         Spirit   .   O - +0 mask of the Dragon {MR+ Slay+3 SInv}
rElec    .         Reflect  .   t - +1 cloak
rCorr    .         Harm     .   C - +2 pair of gloves
MR       ++...                  H - +2 pair of boots {Stlth+}
Stlth    ++++++++++             N - amulet of the gourmand
HPRegen  0.28/turn              o - +2 ring of dexterity
MPRegen  0.19/turn              J - +6 ring of evasion

@: wreathed by umbra, lightly drained
A: small, deformed body, mutation resistance 1
a: Shadow Step, Shadow Form, Renounce Religion


You were on level 14 of the Dungeon.
You worshipped Dithmenos.
Dithmenos was extremely pleased with you.
You were completely stuffed.

You visited 4 branches of the dungeon, and saw 23 of its levels.
You also visited: Gauntlet.

You collected 2334 gold pieces.
You spent 63 gold pieces at shops.

Inventory:

Hand Weapons
 q - a +0 dagger of speed
 G - a +3 dagger of electrocution (weapon)
Missiles
 d - 72 poisoned darts
 e - 5 curare-tipped darts
 h - 611 stones
 k - 5 silver boomerangs
 A - 10 boomerangs (quivered)
Armour
 t - a +1 cloak (worn)
 C - a +2 pair of gloves (worn)
 H - a +2 pair of boots of stealth (worn)
 O - the +0 mask of the Dragon (worn) {MR+ Slay+3 SInv}
   (You found it in a Gauntlet)

   It affects your accuracy and damage with ranged weapons and melee attacks
   (+3).
   It affects your resistance to hostile enchantments.
   It lets you see invisible.
 Q - a +2 robe of positive energy (worn)
Jewellery
 o - a +2 ring of dexterity (left hand)
 B - an uncursed ring of see invisible
 E - an uncursed ring of protection from cold
 J - a +6 ring of evasion (right hand)
 K - an uncursed ring of protection from magic
 N - an amulet of the gourmand (around neck)
 P - an uncursed ring of flight
 R - the ring of Loghy {rF+++ MR- Int+4 SInv}
   (You found it on level 13 of the Dungeon)

   [ring of see invisible]

   It affects your intelligence (+4).
   It renders you almost immune to fire.
   It affects your resistance to hostile enchantments.
   It lets you see invisible.
 S - an uncursed ring of stealth
 U - an uncursed ring of fire {unknown}
 V - an uncursed ring of wizardry
Wands
 g - a wand of polymorph (7)
 s - a wand of digging (9)
 D - a wand of paralysis (9)
 M - a wand of random effects (35)
Scrolls
 a - 2 scrolls of summoning
 b - 14 scrolls of remove curse
 i - 10 scrolls of blinking
 n - 2 scrolls of magic mapping
 r - 9 scrolls of teleportation
 v - a scroll of fear
 x - 3 scrolls of amnesia
 y - 6 scrolls of identify
 T - a scroll of enchant armour
Potions
 c - 3 potions of agility
 j - 4 potions of haste
 l - a potion of invisibility
 m - a potion of heal wounds
 p - 3 potions of cancellation
 u - 7 potions of curing
 w - a potion of might
 z - 4 potions of brilliance
 F - 4 potions of magic
 I - 2 potions of ambrosia
 L - a potion of flight
Comestibles
 f - 36 rations


   Skills:
 - Level 10.0(9.7) Fighting
 + Level 14.4(14.0) Short Blades
 - Level 11.0(10.7) Throwing
 - Level 7.0(6.8) Armour
 - Level 12.0(11.7) Dodging
 - Level 14.0(13.7) Stealth
 - Level 12.0(11.7) Invocations


You had 15 spell levels left.
You didn't know any spells.
Your spell library contained the following spells:

 Spells                   Type           Power        Failure   Level  Hunger
 Animate Skeleton         Necr           N/A          38%         1    ##.....
 Apportation              Tloc           #.....       38%         1    ##.....
 Confusing Touch          Hex            #.....       38%         1    ##.....
 Corona                   Hex            #......      38%         1    ##.....
 Flame Tongue             Conj/Fire      #....        38%         1    ##.....
 Sandblast                Erth           #.....       38%         1    ##.....
 Summon Butterflies       Summ           #.......     38%         1    ##.....
 Summon Small Mammal      Summ           #...         38%         1    ##.....
 Passwall                 Tmut/Erth      #.......     52%         2    ###....
 Slow                     Hex            #.......     52%         2    ###....
 Throw Flame              Conj/Fire      #.....       52%         2    ###....
 Conjure Flame            Conj/Fire      #.......     77%         3    ####...
 Inner Flame              Hex/Fire       #.......     77%         3    ####...
 Lesser Beckoning         Tloc           #.........   77%         3    ####...
 Portal Projectile        Hex/Tloc       #.....       77%         3    ####...
 Stone Arrow              Conj/Erth      #.....       77%         3    ####...
 Tukima's Dance           Hex            #.......     77%         3    ####...
 Cause Fear               Hex            #.........   99%         4    #####..
 Leda's Liquefaction      Hex/Erth       #.........   99%         4    #####..
 Petrify                  Tmut/Erth      #.......     99%         4    #####..
 Sticky Flame             Conj/Fire      #.......     99%         4    #####..
 Alistair's Intoxication  Tmut/Pois      #.......     100%        5    ######.
 Bolt of Magma            Conj/Fire/Erth #.........   100%        5    ######.
 Fireball                 Conj/Fire      #.........   100%        5    ######.
 Irradiate                Conj/Tmut      #.........   100%        5    ######.
 Iskenderun's Battlesphe  Conj/Chrm      #.......     100%        5    ######.
 Lee's Rapid Deconstruct  Erth           #.........   100%        5    ######.
 Silence                  Hex/Air        #.........   100%        5    ######.
 Venom Bolt               Conj/Pois      #.........   100%        5    ######.
 Yara's Violent Unravell  Hex/Tmut       #.........   100%        5    ######.
 Deflect Missiles         Chrm/Air       #.........   100%        6    #######
 Hydra Form               Tmut           #.........   100%        6    #######
 Invisibility             Hex            #.......     100%        6    #######
 Iron Shot                Conj/Erth      #.........   100%        6    #######
 Poison Arrow             Conj/Pois      #.........   100%        6    #######
 Statue Form              Tmut/Erth      #........    100%        6    #######
 Dragon Form              Tmut           #.........   100%        7    #######
 Malign Gateway           Summ/Tloc      #.........   100%        7    #######
 Monstrous Menagerie      Summ           #.........   100%        7    #######
 Orb of Destruction       Conj           #.........   100%        7    #######
 Spellforged Servitor     Conj/Summ      #.........   100%        7    #######
 Summon Greater Demon     Summ           #.........   100%        7    #######
 Chain Lightning          Conj/Air       #.........   100%        8    #######
 Discord                  Hex            #.........   100%        8    #######
 Lehudib's Crystal Spear  Conj/Erth      #.........   100%        8    #######
 Summon Horrible Things   Summ           #.........   100%        8    #######
 Fire Storm               Conj/Fire      #.........   100%        9    #######
 Glaciate                 Conj/Ice       #.........   100%        9    #######


Dungeon Overview and Level Annotations

Branches:
Dungeon (14/15)            Temple (1/1) D:6            Lair (6/6) D:11
  Swamp (0/4) Lair:2       Spider (0/4) Lair:3        Slime (0/5) Lair:6
    Orc (2/2) D:11            Elf (0/3) Orc:2        Vaults (0/5) D:14

Altars:
Ashenzari
Cheibriados
Dithmenos
Elyvilon
Fedhas
Gozag
Hepliaklqana
Kikubaaqudgha
Makhleb
Nemelex Xobeh
Okawaru
Qazlal
Ru
Sif Muna
Trog
Uskayaw
Vehumet
Wu Jian
Xom
Yredelemnul
Zin
The Shining One
Beogh

Shops:
D:5 !   D:14 *[}   Orc:2 [*=(

Annotations:
D:6 exclusion: statue
D:7 exclusions: door and oklob plant
D:9 1 runed translucent door, Necrophagist's ghost, novice HOFi
D:14 exclusion: obsidian statue, Lexodia's ghost, journeyman GnTm; Roxanne


Innate Abilities, Weirdness & Mutations

You are small and have problems with some larger weapons.
You are somewhat resistant to further mutation.
Armour fits poorly on your strangely shaped body.


Message History

Roxanne mumbles some strange words.
The iron shot hits you!!
You hit Roxanne.
Roxanne is severely damaged.
You completely miss Roxanne.
Roxanne is severely damaged.
Roxanne casts a spell.
The crystal spear hits you.
You hit Roxanne but do no damage.
Roxanne is severely damaged.
Your shadow hits Roxanne but does no damage.
You hit Roxanne but do no damage.
Roxanne is severely damaged.
You hit Roxanne but do no damage.
Roxanne is severely damaged.
You hit Roxanne but do no damage.
Roxanne is severely damaged.
Roxanne casts a spell.
The crystal spear hits you!!!
You die...

...<.(#......#
......#......#.....#
....∩.'.<....#.....#
......#......#.....#
#######).....#.....#
##(.(##......#...).#
##(.(.+....(.# ....#
##()(##...##(# #.8.# ?
..))(##..###)###@..#....##
)............)...........#
(......#.∩.#..)......>...#
...............(.........#
.....##..###..<..........#
.....#######.............#
.....#........%##.?.....#########
.....#....#'#.###.......##......#
.....#....#.#..##.......##.......


You could see Roxanne.

Vanquished Creatures
  Saint Roka (Orc:2)
  Frances (D:13)
  3 entropy weavers (Lair:4)
  A minotaur (Gauntlet)
  An ettin (D:14)
  A fire dragon (D:14)
  2 hydras
  3 ghost crabs (Lair:4)
  2 catoblepae
  4 two-headed ogres
  4 centaur warriors (D:14)
  A death scarab (Gauntlet)
  An anaconda (shapeshifter) (D:14)
  5 death yaks (Lair:6)
  An orc high priest (Orc:2)
  Sonja (D:10)
  5 fire crabs (Lair:4)
  A shadow wraith (D:14)
  An iron troll (D:14)
  5 skeletal warriors (D:13)
  A sixfirhy (D:14)
  3 unseen horrors
  2 wizards (D:14)
  3 lindwurms (Lair:6)
  A deep elf mage (D:14)
  A phantasmal warrior (D:14)
  4 orc knights (Orc:2)
  2 ugly things
  5 orc sorcerers
  6 cyclopes
  Maurice (D:11)
  2 manticores (Lair:6)
  4 black mambas
  An apocalypse crab (Lair:4)
  Joseph (Lair:1)
  3 torpor snails
  8 gargoyles
  7 spiny frogs
  3 rime drakes
  A hellion (Gauntlet)
  9 komodo dragons
  An ice devil (Gauntlet)
  A tengu conjurer (D:10)
  4 trolls
  A red devil (Gauntlet)
  A jumping spider (Lair:3)
  A hornet (D:14)
  Prince Ribbit (D:9)
  A meliai (shapeshifter) (D:14)
  7 slime creatures
  12 blink frogs
  A tyrant leech (Lair:2)
  9 hippogriffs
  2 wyverns
  A spectral komodo dragon (Gauntlet)
  A vampire (D:12)
  A spriggan (Lair:6)
  37 yaks
  3 basilisks
  7 vampire mosquitoes
  A swamp worm (Lair:2)
  3 hungry ghosts
  2 two-headed ogre zombies (D:11)
  A warg (D:11)
  7 water moccasins
  2 hell hounds (Gauntlet)
  An acid dragon (D:12)
  A soldier ant (D:13)
  10 porcupines
  6 phantoms
  A black bear (D:7)
  2 ice beasts
  19 orc warriors
  6 sky beasts
  9 ogres
  2 necrophages
  15 centaurs
  4 wolves (Lair:4)
  6 crocodiles
  A big kobold (D:9)
  15 bullfrogs
  2 wyvern zombies
  A wyvern skeleton (D:11)
  3 killer bees (D:8)
  5 scorpions
  A troll zombie (D:11)
  12 wights
  7 howler monkeys
  7 crimson imps
  An electric eel (D:13)
  13 jellies
  3 bullfrog zombies
  2 centaur zombies
  4 hounds
  26 orc wizards
  17 orc priests
  Crazy Yiuf (D:7)
  4 bullfrog skeletons
  A centaur skeleton (D:8)
  Jessica (D:3)
  2 iguanas
  12 worker ants
  5 ogre zombies (D:11)
  3 hound skeletons
  A howler monkey zombie (D:9)
  Robin (D:4)
  5 gnolls
  17 adders
  3 shadow imps
  2 white imps (Gauntlet)
  18 oozes
  4 adder zombies
  An adder skeleton (D:9)
  5 worms
  2 dart slugs
  8 leopard geckos
  66 orcs
  6 ball pythons
  8 giant cockroaches
  14 goblins
  7 hobgoblins
  10 jackals
  17 kobolds
  6 quokkas
  7 bats
  3 frilled lizards
  A giant cockroach zombie (D:6)
  2 goblin skeletons (D:11)
  4 goblin zombies (D:11)
  2 hobgoblin skeletons (D:11)
  2 hobgoblin zombies (D:11)
  2 jackal zombies
  2 leopard gecko skeletons
  2 orc skeletons (D:11)
  13 orc zombies (D:11)
  2 quokka zombies
  4 rats
  4 plants (Lair:6)
702 creatures vanquished.

Vanquished Creatures (others)
  Jorgrun (Orc:1)
  An orc warrior (Orc:1)
  An orc priest (Orc:1)
  A quokka (D:8)
  5 fungi
9 creatures vanquished.

Grand Total: 711 creatures vanquished

Notes
Turn   | Place    | Note
-------+----------+-------------------------------------------
     0 | D:1      | Murumi the Halfling Assassin began the quest for the Orb.
     0 | D:1      | Reached XP level 1. HP: 14/14 MP: 1/1
   142 | D:1      | Reached XP level 2. HP: 19/19 MP: 2/2
   285 | D:1      | Reached skill level 5 in Stealth
   597 | D:2      | Reached XP level 3. HP: 24/24 MP: 3/3
   753 | D:2      | Reached skill level 1 in Armour
   753 | D:2      | Reached XP level 4. HP: 28/29 MP: 4/4
  1554 | D:3      | Noticed Jessica
  1556 | D:3      | Killed Jessica
  1706 | D:2      | Reached XP level 5. HP: 26/34 MP: 5/5
  2217 | D:3      | Found an ornate altar of the Wu Jian Council.
  2902 | D:4      | Reached XP level 6. HP: 39/39 MP: 6/6
  2924 | D:3      | Reached skill level 5 in Short Blades
  3207 | D:4      | Got a bloodstained short sword
  3216 | D:4      | Identified the cursed +2 short sword of Blind Justice
                  | {flame, *Slow Str+6} (You found it on level 4 of the
                  | Dungeon)
  3315 | D:4      | Noticed a phantom
  3360 | D:4      | Killed a phantom
  3360 | D:4      | Reached XP level 7. HP: 20/45 MP: 7/7
  3687 | D:4      | Noticed Robin
  3709 | D:4      | Killed Robin
  3733 | D:4      | Found the -2 hat of the Alchemist {rElec rPois rF+ rC+ rN+
                  | MR+ rMut rCorr}
  3785 | D:4      | Found an iron altar of Okawaru.
  4006 | D:5      | Entered Level 5 of the Dungeon
  4166 | D:5      | Found Punietat's Distillery.
  4377 | D:5      | Reached XP level 8. HP: 33/52 MP: 8/8
  4818 | D:5      | Found a shadowy altar of Dithmenos.
  4835 | D:5      | Became a worshipper of Dithmenos the Shadowed
  5085 | D:6      | Reached skill level 5 in Dodging
  5407 | D:6      | Found a radiant altar of Vehumet.
  5550 | D:6      | Found a sacrificial altar of Ru.
  5702 | D:6      | Found a staircase to the Ecumenical Temple.
  5711 | Temple   | Entered the Ecumenical Temple
  6083 | D:6      | Reached XP level 9. HP: 46/56 MP: 9/9
  6249 | D:6      | Reached skill level 1 in Invocations
  6564 | D:7      | Noticed a hippogriff
  6564 | D:7      | Noticed a purple ugly thing
  6583 | D:6      | Killed a hippogriff
  6746 | D:7      | Killed a purple ugly thing
  6956 | D:7      | Found a burning altar of Makhleb.
  7063 | D:7      | Reached * piety under Dithmenos
  7516 | D:7      | Found a deep blue altar of Sif Muna.
  7601 | D:7      | Reached XP level 10. HP: 63/63 MP: 14/14
  7694 | D:7      | Found a blossoming altar of Fedhas.
  7698 | D:7      | You fall into a shaft and drop 3 floors!
  7698 | D:10     | Entered Level 10 of the Dungeon
  7705 | D:9      | Noticed Prince Ribbit
  7718 | D:9      | Reached skill level 5 in Throwing
  7741 | D:9      | Killed Prince Ribbit
  8105 | D:9      | Reached skill level 5 in Armour
  8476 | D:9      | Noticed a cyan ugly thing
  8483 | D:9      | Killed a cyan ugly thing
  8579 | D:8      | Found a sparkling altar of Nemelex Xobeh.
  8849 | D:7      | Found a runed translucent door.
  8850 | D:7      | Noticed Crazy Yiuf
  8858 | D:7      | Killed Crazy Yiuf
  9009 | D:7      | Noticed an oklob plant
  9133 | D:8      | Found a white marble altar of Elyvilon.
  9172 | D:8      | Found a shattered altar of Ashenzari.
  9192 | D:8      | Reached skill level 5 in Fighting
  9260 | D:8      | Reached ** piety under Dithmenos
  9418 | D:8      | Identified a scroll of acquirement
  9532 | D:9      | Found a runed translucent door.
  9535 | D:9      | Noticed Necrophagist's ghost (novice HOFi)
  9551 | D:9      | Reached XP level 11. HP: 71/71 MP: 16/16
 10469 | D:9      | Reached *** piety under Dithmenos
 10826 | D:10     | Noticed a two-headed ogre
 11054 | D:10     | Killed a two-headed ogre
 11121 | D:10     | Noticed an unseen horror
 11137 | D:10     | Killed an unseen horror
 11438 | D:10     | Noticed Sonja
 11476 | D:10     | Killed Sonja
 12158 | D:11     | Noticed Maurice
 12191 | D:11     | Killed Maurice
 12191 | D:11     | Reached XP level 12. HP: 76/79 MP: 18/18
 12416 | D:11     | Found a staircase to the Orcish Mines.
 12440 | D:11     | Reached **** piety under Dithmenos
 12831 | D:11     | Noticed a two-headed ogre
 12835 | D:11     | Killed a two-headed ogre
 12835 | D:11     | Reached skill level 10 in Stealth
 13127 | D:11     | Found a staircase to the Lair.
 13318 | Lair:1   | Entered Level 1 of the Lair of Beasts
 13576 | Lair:1   | Reached skill level 10 in Short Blades
 13656 | Lair:1   | Noticed Joseph
 13667 | Lair:1   | Killed Joseph
 14886 | Lair:2   | Found a staircase to the Swamp.
 15339 | Lair:3   | Noticed a seven-headed hydra
 15345 | Lair:3   | Killed a seven-headed hydra
 16039 | Lair:3   | Reached XP level 13. HP: 86/86 MP: 19/19
 16191 | Lair:3   | Found a hole to the Spider Nest.
 16900 | Lair:3   | Reached ***** piety under Dithmenos
 17594 | Lair:4   | Found a runed translucent door.
 17609 | Lair:4   | Noticed an eight-headed hydra
 17635 | Lair:4   | Killed an eight-headed hydra
 18256 | Lair:4   | Reached skill level 10 in Dodging
 18563 | Lair:4   | Reached skill level 10 in Invocations
 18605 | Lair:4   | Noticed an entropy weaver
 18609 | Lair:4   | Killed an entropy weaver
 18612 | Lair:4   | Noticed an entropy weaver
 18615 | Lair:4   | Noticed a ghost crab
 18616 | Lair:4   | Killed an entropy weaver
 18658 | Lair:4   | Noticed a ghost crab
 18659 | Lair:4   | Killed a ghost crab
 18663 | Lair:4   | Killed a ghost crab
 18688 | Lair:4   | Noticed a ghost crab
 18692 | Lair:4   | Killed a ghost crab
 18695 | Lair:4   | Noticed an entropy weaver
 18697 | Lair:4   | Killed an entropy weaver
 18813 | Lair:5   | Found a gate leading to a gauntlet.
 18823 | Gauntlet | Entered a Gauntlet
 18823 | Gauntlet | Found a transporter.
 18823 | Gauntlet | Found a transporter.
 18823 | Gauntlet | Found a transporter.
 18824 | Gauntlet | Found a transporter.
 18827 | Gauntlet | Found a transporter.
 18827 | Gauntlet | Found a transporter.
 18841 | Gauntlet | Found a transporter.
 18842 | Gauntlet | Found a transporter.
 18850 | Gauntlet | Noticed a great orb of eyes
 18851 | Gauntlet | Found a transporter.
 18852 | Gauntlet | Found the +0 mask of the Dragon {MR+ Slay+3 SInv}
 18951 | Gauntlet | Found a transporter.
 18955 | Gauntlet | Found a transporter.
 18967 | Gauntlet | Found a transporter.
 19402 | Gauntlet | Reached XP level 14. HP: 22/97 MP: 21/21
 19407 | Gauntlet | HP: 3/97 [red devil/+0 trident (20)]
 19415 | Gauntlet | HP: 1/97 [red devil/+0 trident (3)]
 19738 | Gauntlet | Identified the +8 trident of the Walnut {vamp, rF+ MR++}
 19738 | Gauntlet | Identified the +3 ring mail of Dyspraxia {Int+6 Stlth+}
 19738 | Gauntlet | Noticed a minotaur
 19751 | Gauntlet | Killed a minotaur
 20341 | Lair:5   | You fall into a shaft and drop 1 floor!
 20341 | Lair:6   | Entered Level 6 of the Lair of Beasts
 20722 | Lair:6   | Reached skill level 10 in Fighting
 21115 | Lair:6   | Found a staircase to the Slime Pits.
 23339 | Orc:1    | Entered Level 1 of the Orcish Mines
 23382 | Orc:1    | Noticed Jorgrun
 23412 | Orc:1    | HP: 1/99 [Jorgrun/uncursed staff of earth (5)]
 23420 | Orc:1    | Killed Jorgrun
 23804 | Orc:1    | Found a roughly hewn altar of Beogh.
 24081 | Orc:1    | Found a roughly hewn altar of Beogh.
 24215 | Orc:2    | Entered Level 2 of the Orcish Mines
 24456 | Orc:2    | Found a roughly hewn altar of Beogh.
 24457 | Orc:2    | Noticed Saint Roka
 24507 | Orc:2    | Reached XP level 15. HP: 102/103 MP: 23/23
 25327 | Orc:2    | Paralysed by an orc sorcerer for 7 turns
 25422 | Orc:2    | Reached skill level 10 in Throwing
 25580 | Orc:2    | Gained mutation: Armour fits poorly on your strangely
                  | shaped body. [a neqoxec]
 25941 | Orc:2    | Found Vouthrur's Jewellery Emporium.
 25944 | Orc:2    | Found Sara's Antique Weapon Emporium.
 26180 | Orc:2    | Found Riamor's Antique Armour Emporium.
 26213 | Orc:2    | Killed Saint Roka
 26523 | Orc:2    | Found Gilleinn's General Store.
 26614 | Orc:2    | Bought a cursed ring of teleportation for 63 gold pieces
 26636 | Orc:2    | Found a staircase to the Elven Halls.
 27932 | D:13     | Noticed Frances
 27940 | D:13     | Killed Frances
 28575 | D:13     | Got a translucent bone ring
 28576 | D:13     | Identified the ring of Loghy {rF+++ MR- Int+4 SInv} (You
                  | found it on level 13 of the Dungeon)
 29085 | D:14     | Found Unoin's Gadget Shop.
 29085 | D:14     | Found a runed translucent door.
 29085 | D:14     | Noticed Roxanne
 29185 | D:14     | Found Ryhokhach's Antique Armour Emporium.
 29354 | D:14     | Reached XP level 16. HP: 68/109 MP: 25/25
 30338 | D:14     | Found a gate to the Vaults.
 30393 | D:14     | Found a runed translucent gate.
 30393 | D:14     | Found a runed translucent gate.
 30393 | D:14     | Found an opulent altar of Gozag.
 30394 | D:14     | Found a runed translucent gate.
 30394 | D:14     | Found Efeifeyme's Assorted Antiques.
 30394 | D:14     | Noticed Lexodia's ghost (journeyman GnTm)
 31326 | D:14     | Killed from afar by Roxanne

Levels and vault maps discovered:
D:1:      lightli_arrival_statue_moat, layout_rooms
D:2:      layout_loops_cross, serial_forest, infiniplex_forest_clump_medium,
          infiniplex_forest_clump_double, infiniplex_forest_lined_room_,
          infiniplex_forest_diagonal, infiniplex_forest_end_1,
          infiniplex_forest_lined_ring, infiniplex_forest_corner_1,
          infiniplex_forest_zigzag_1, infiniplex_forest_straight_2
D:3:      layout_rooms, nicolae_overflow_hidden_temple,
          minmay_misc_feat_ornament, uniq_jessica
D:4:      layout_basic, okawaru_ov_weapons_minmay, first_ration, uniq_robin
D:5:      layout_loops_ring, overflow_temple_1_default, serial_shops, shop
D:6:      layout_loops_corners, vehumet_statue,
          minmay_temple_entry_antechambers, nicolae_ru_great_annihilating_truth
D:7:      layout_basic, led_sif_book, makhleb_blood_cavern_becter,
          chequers_hall_statues_y, minivault_11, tgw_fedhas,
          uniq_crazy_yiuf_cottage
D:8:      layout_rooms, elyvilon_altar_4, overflow_temple_1_default,
          evilmike_ruin_ashenzari
D:9:      minmay_razor_zed, layout_small_grid, hellmonk_ghost_happy_afterlife,
          uniq_prince_ribbit1
D:10:     layout_rooms, grunt_tengu_nest, uniq_sonja
D:11:     layout_layer_cave, grunt_lair_entry_orc_guard_hut, zombieorc2_lemuel,
          uniq_maurice
D:12:     cheibrodos_statue_roulette, layout_loops_corners
D:13:     layout_long_grid, serial_bayou_lagoon_b, uniq_frances
D:14:     cheibrodos_shockbox, layout_gridville, david_vaults_4, serial_shops,
          nicolae_shop_stone, shop, ebering_ghost_gozag, uniq_roxanne
Temple:   eino_temple_water
Lair:1:   layout_gridlike, uniq_joseph
Lair:2:   layout_cave_shapes, minmay_swamp_entry_worms
Lair:3:   lemuel_slime, layout_regular_city, spider_nest_entry_rubble
Lair:4:   gammafunk_mikee_crab_dinner, layout_concentric_octagons,
          grunt_forest_small_clearing_treed
Lair:5:   layout_regular_city, gauntlet_entry_generic,
          hangedman_lair_unloving_vines
Lair:6:   hangedman_lair_in_review, layout_regular_city,
          nicolae_slime_entry_slimehenge, wad_woods_03
Orc:1:    layout_caves, basic_altar, mines1_david, uniq_jorgrun
Orc:2:    grunt_orc_cross, layout_caves, guppyfry_library_mini

Skill      XL: |  1  2  3  4  5  6  7  8  9 10 11 12 13 14 15 16 |
---------------+-------------------------------------------------+-----
Fighting       | 2 3 4 5 6 7 9 10 | 10.0
Stealth        | 5 6 7 8 9 11 12 13 14 | 14.0
Short Blades   | 3 4 5 6 7 8 9 10 11 12 13 14 | 14.4
Dodging        | 2 3 4 7 8 9 10 11 12 | 12.0
Armour         | 1 2 5 6 7 |  7.0
Throwing       | 3 4 5 7 9 11 | 11.0
Invocations    | 6 7 8 9 10 11 12 | 12.0

Action                   |  1- 3 |  4- 6 |  7- 9 | 10-12 | 13-15 | 16-18 || total
-------------------------+-------+-------+-------+-------+-------+-------++-------
Melee: Dagger            |    56 |   285 |       |       |   314 |   351 ||  1006
       Short sword       |       |    26 |   336 |  1080 |  1103 |       ||  2545
Throw: Stone             |    15 |    54 |    88 |    31 |       |       ||   188
       Dart              |       |       |     1 |    21 |    11 |       ||    33
       Boomerang         |       |       |       |   149 |   137 |    39 ||   325
Invok: Shadow Step       |       |       |       |     1 |     6 |       ||     7
       Shadow Form       |       |       |       |       |     2 |     2 ||     4
 Abil: End Transformatio |       |       |       |       |     2 |     2 ||     4
  Use: Scroll            |     9 |     5 |     3 |     8 |    11 |     1 ||    37
       Potion            |       |       |     2 |     1 |     5 |       ||     8
 Stab: Sleeping          |    11 |    14 |    17 |    53 |    78 |     8 ||   181
       Distracted        |       |     1 |     1 |     3 |    12 |     1 ||    18
       Invisible         |       |       |     1 |       |    13 |     6 ||    20
       Paralysed         |       |       |     1 |       |       |       ||     1
       Petrified         |       |       |       |       |     3 |       ||     3
  Eat: Chunk             |       |     8 |    10 |    24 |    43 |     7 ||    92
       Ration            |       |       |     1 |     1 |     3 |       ||     5
Armor: Robe              |     5 |    20 |    51 |    93 |    61 |    12 ||   242
Dodge: Dodged            |    36 |   119 |   194 |   685 |   988 |   204 ||  2226

Table legend:
 A = Non-vault XP
 B = Vault XP
 C = Vault XP percentage of total XP
 D = Non-vault monster count
 E = Vault monster count
 F = Vault count percentage of total count
                 A         B        C        D         E       F
            +---------+---------+-------+---------+---------+-------
      Total |   69024 |   55909 |  44.8 |     485 |     214 |  30.6
            +---------+---------+-------+---------+---------+-------
        D:1 |      18 |       0 |   0.0 |       9 |       0 |   0.0
        D:2 |      85 |       0 |   0.0 |      32 |       0 |   0.0
        D:3 |     212 |      37 |  14.9 |      24 |       1 |   4.0
        D:4 |     352 |      37 |   9.5 |      17 |      12 |  41.4
        D:5 |     608 |       0 |   0.0 |      20 |       0 |   0.0
        D:6 |    1023 |      46 |   4.3 |      25 |       4 |  13.8
        D:7 |    1739 |     178 |   9.3 |      25 |       3 |  10.7
        D:8 |     762 |       0 |   0.0 |      16 |       0 |   0.0
        D:9 |    4456 |     858 |  16.1 |      52 |      13 |  20.0
       D:10 |    2845 |    1129 |  28.4 |      15 |       2 |  11.8
       D:11 |    1944 |    2027 |  51.0 |      22 |      42 |  65.6
       D:12 |    4497 |    2122 |  32.1 |      25 |       5 |  16.7
       D:13 |   10031 |    2283 |  18.5 |      38 |       1 |   2.6
       D:14 |   13361 |    6906 |  34.1 |      49 |      10 |  16.9
     Lair:1 |    3127 |     450 |  12.6 |      14 |       1 |   6.7
     Lair:2 |    1835 |     428 |  18.9 |      11 |       2 |  15.4
     Lair:3 |    3873 |    1020 |  20.8 |      11 |      25 |  69.4
     Lair:4 |    3102 |   11372 |  78.6 |      14 |      12 |  46.2
     Lair:5 |    4825 |       0 |   0.0 |      16 |       0 |   0.0
     Lair:6 |    7821 |    8752 |  52.8 |      20 |      28 |  58.3
      Orc:1 |     925 |    2113 |  69.6 |      10 |       1 |   9.1
      Orc:2 |    1583 |   12397 |  88.7 |      20 |      42 |  67.7
   Gauntlet |       0 |    3754 | 100.0 |       0 |      10 | 100.0
            +---------+---------+-------+---------+---------+-------
